Map: Stargazers

Players

IllIIIllllII - Winner!

  • Race: Protoss Protoss
  • League: Diamond
  • Spawn Location: 1:00

Lolstorm

  • Race: Terran Terran
  • League: Master
  • Spawn Location: 11:00

VOD

Have the link to the VOD?

Description

Time

  • Played on: Dec. 12, 2022, 11:39 p.m.
  • Length: 17:59
Show
View Real Time Build Order
Export as new Build Order

IllIIIllllII Protoss - Winner!

Build Orders: Cannon Rush 

Get SALT Encoding   

  12  0:02  Probe  
  14  0:14  Probe  
  14  0:17  Pylon  
  14  0:26  Probe  
  15  0:37  Forge  
  15  0:40  Probe  
  16  0:52  Probe  
  16  0:54  Pylon  
  17  1:19  Photon Cannon  
  17  1:21  Photon Cannon  
  17  1:24  Gateway  
  17  1:36  Photon Cannon  
  16  1:42  Probe  
  17  2:03  Probe  
  17  2:07  Pylon  
  17  2:09  Zealot (Chrono Boost)  
  19  2:17  Assimilator  
  19  2:21  Assimilator  
  19  2:22  Probe  
  20  2:39  Probe  
  21  2:51  Probe  
  22  3:03  Probe (Chrono Boost)  
  23  3:10  Cybernetics Core  
  23  3:12  Pylon  
  24  3:14  Probe (Chrono Boost)  
  24  3:19  Probe (Chrono Boost)  
  24  3:20  Nexus  
  24  3:22  Zealot  
  27  3:29  Probe  
  28  3:36  Pylon  
  28  3:41  Probe  
  29  3:53  Stalker (Chrono Boost)  
  29  3:54  Shield Battery  
  29  4:13  Pylon  
  27  4:19  Gateway  
  27  4:21  Stalker (Chrono Boost)  
  29  4:26  Pylon  
  29  4:38  Probe  
  29  4:41  Probe  
  31  4:45  Gateway  
  31  4:51  Probe  
  30  5:07  Probe x2  
  30  5:09  Stalker (Chrono Boost)  
  30  5:11  Shield Battery  
  34  5:19  Probe  
  35  5:22  Probe  
  36  5:30  Shield Battery  
  36  5:32  Probe (Chrono Boost), Stalker  
  39  5:35  Photon Cannon  
  39  5:38  Probe (Chrono Boost)  
  40  5:49  Probe (Chrono Boost)  
  42  5:50  Probe (Chrono Boost)  
  42  5:51  Twilight Council  
  42  5:56  Stalker  
  44  6:15  Stalker  
  46  6:20  Photon Cannon  
  46  6:22  Photon Cannon  
  46  6:24  Probe x2  
  46  6:25  Blink (Chrono Boost)  
  48  6:26  Stalker  
  48  6:29  Warp Gate (Chrono Boost)  
  50  6:36  Probe  
  50  6:37  Probe, Assimilator  
  52  6:42  Gateway  
  52  6:46  Gateway  
  52  6:48  Probe  
  52  6:51  Stalker, Assimilator  
  55  7:02  Pylon  
  55  7:04  Pylon  
  55  7:13  Stalker  
  57  7:23  Robotics Facility  
  57  7:24  Probe x2  
  59  7:31  Stalker x2  
  59  7:36  Probe  
  64  7:38  Pylon  
  64  7:43  Stalker  
  68  8:27  Nexus  
  62  8:28  Stalker  
  62  8:30  Stalker x2, Pylon  
  50  9:45  Stalker x4  
  58  9:46  Probe x2  
  58  9:51  Probe  
  61  9:54  Assimilator  
  61  9:56  Nexus  
  61  9:59  Assimilator  
  61  10:00  Observer  
  61  10:03  Probe, Stargate  
  61  10:05  Stargate  
  63  10:07  Protoss Ground Weapons Level 1  
  63  10:08  Photon Cannon  
  63  10:09  Photon Cannon  
  63  10:10  Probe  
  63  10:12  Probe, Stargate  
  65  10:15  Probe  
  66  10:23  Probe  
  66  10:24  Probe  
  66  10:27  Probe  
  66  10:28  Pylon  
  69  10:30  Stalker  
  69  10:31  Stalker x3  
  69  10:32  Photon Cannon  
  69  10:35  Probe  
  78  10:36  Probe  
  78  10:39  Probe  
  80  10:47  Pylon  
  80  10:51  Probe  
  80  10:53  Fleet Beacon  
  89  10:59  Void Ray x2  
  89  11:02  Stalker x2  
  89  11:03  Probe  
  94  11:10  Probe x2  
  94  11:11  Probe  
  97  11:22  Probe  
  97  11:23  Probe  
  103  11:36  Void Ray  
  103  11:38  Flux Vanes  
  111  11:42  Void Ray x2  
  110  11:50  Probe  
  111  11:58  Dark Shrine  
  111  12:02  Probe, Pylon  
  111  12:03  Assimilator  
  111  12:04  Photon Cannon  
  111  12:08  Assimilator  
  112  12:10  Observer  
  112  12:14  Probe  
  118  12:17  Pylon  
  118  12:21  Pylon  
  122  12:25  Void Ray x2  
  122  12:26  Photon Cannon, Probe  
  122  12:28  Photon Cannon  
  122  12:29  Shield Battery  
  127  12:39  Void Ray  
  125  12:55  Stalker x4  
  120  13:20  Void Ray x2  
  120  13:22  Void Ray  
  120  13:34  Assimilator  
  120  13:39  Pylon x2  
  128  14:03  Void Ray x2  
  128  14:11  Nexus  
  128  14:13  Shadow Stride  
  128  14:17  Gateway, Pylon  
  128  14:19  Gateway x2  
  128  14:22  Pylon  
  128  14:23  Probe  
  129  14:31  Pylon  
  129  14:32  Shield Battery  
  129  14:41  Tempest  
  129  14:42  Tempest x2  
  140  14:49  Templar Archives  
  140  14:53  Pylon  
  137  15:01  Stalker x4  
  136  15:16  Sentry x3  
  142  15:24  Tempest x2  
  152  15:30  Stalker x4  
  143  16:07  Cybernetics Core  
  143  16:12  Gateway  
  143  16:14  Gateway  
  143  16:16  Gateway  
  122  16:33  Pylon  
  122  16:35  Pylon  
  122  16:37  Pylon  
  122  16:38  Pylon  
  122  16:50  Assimilator  
  122  16:53  Pylon  
  122  16:55  Assimilator  
  122  17:17  Nexus  
  122  17:18  Pylon  
Show
View Real Time Build Order
Export as new Build Order

Lolstorm Terran 

Build Orders:  

Get SALT Encoding   

  12  0:00  SCV  
  13  0:12  SCV  
  14  0:17  Supply Depot  
  14  0:24  SCV  
  15  0:39  SCV  
  15  0:40  Barracks  
  16  0:47  Refinery  
  16  0:51  SCV  
  17  1:03  SCV  
  18  1:15  SCV  
  19  1:27  SCV  
  19  1:29  Marine  
  20  1:39  SCV  
  21  1:46  Marine  
  22  1:52  SCV  
  19  2:03  Factory  
  20  2:11  Orbital Command  
  20  2:14  Supply Depot  
  19  2:35  Marine  
  18  2:37  SCV  
  17  2:47  Factory Tech Lab  
  17  2:49  SCV  
  18  2:53  Marine  
  19  3:00  Refinery  
  19  3:01  SCV  
  19  3:05  Cyclone  
  22  3:16  Mag-Field Accelerator, SCV  
  23  3:32  Supply Depot  
  23  3:33  Barracks Reactor  
  23  3:38  Supply Depot  
  23  3:53  SCV  
  24  4:05  SCV  
  25  4:10  Marine x2  
  25  4:11  Cyclone  
  30  4:17  SCV  
  31  4:30  SCV  
  31  4:40  Marine  
  31  4:42  SCV  
  31  4:43  Cyclone  
  36  4:53  Marine  
  36  4:54  SCV  
  38  5:05  Marine  
  39  5:16  Supply Depot  
  39  5:19  Supply Depot  
  39  5:27  Supply Depot  
  39  5:37  Cyclone, Marine x2, Engineering Bay  
  44  5:43  SCV  
  45  5:50  Command Center  
  45  6:12  SCV  
  45  6:13  Marine  
  45  6:14  Cyclone  
  50  6:24  SCV  
  51  6:33  Supply Depot  
  51  6:36  SCV, Marine  
  51  6:38  Marine  
  51  6:39  Starport  
  54  6:49  SCV  
  55  6:56  Cyclone  
  55  6:57  Marine x2  
  55  7:01  SCV, Supply Depot  
  61  7:09  Orbital Command  
  61  7:14  SCV  
  62  7:23  Starport Reactor  
  62  7:26  SCV  
  63  7:36  SCV  
  64  7:38  SCV  
  58  7:55  Cyclone  
  58  8:11  Marine x2  
  59  8:26  SCV  
  60  8:27  Cyclone, SCV  
  60  8:29  Marine x2  
  60  8:31  Refinery  
  60  8:32  Refinery, Barracks x2  
  66  8:34  Liberator x2  
  66  8:38  SCV  
  66  8:39  SCV  
  66  8:50  SCV  
  57  8:56  Marine x2  
  57  8:57  SCV  
  58  9:07  Cyclone  
  46  9:32  Marine x2  
  46  9:38  SCV  
  44  9:46  Marine x2  
  44  9:49  Cyclone  
  44  9:50  Marine x2, SCV  
  44  9:51  SCV  
  53  10:01  Liberator x2  
  53  10:02  SCV  
  53  10:04  SCV  
  53  10:06  Barracks  
  62  10:07  Barracks  
  62  10:14  Barracks Tech Lab, SCV  
  62  10:16  Barracks Tech Lab  
  62  10:18  SCV  
  63  10:23  Marine x2  
  63  10:27  SCV  
  66  10:30  SCV  
  66  10:32  Siege Tank  
  66  10:35  Command Center  
  70  10:36  Stimpack  
  70  10:38  Combat Shield  
  70  10:41  SCV  
  72  10:42  SCV  
  72  10:48  Medivac  
  74  10:50  Medivac  
  74  10:53  SCV  
  74  10:55  SCV  
  78  11:01  Barracks Tech Lab, Barracks Reactor  
  78  11:05  SCV  
  78  11:07  Siege Tank  
  78  11:08  Refinery  
  82  11:13  Refinery  
  82  11:16  SCV  
  83  11:20  SCV  
  83  11:21  Marauder x2, Marine x2  
  88  11:35  Command Center  
  88  11:42  SCV  
  88  11:45  SCV  
  92  11:47  Marauder  
  92  11:48  Marauder  
  92  11:54  Marauder, Marine x3  
  99  11:56  Supply Depot  
  99  11:58  Engineering Bay  
  99  12:00  SCV  
  100  12:04  Marine  
  101  12:12  Concussive Shells  
  101  12:18  Marauder x2, Siege Tank  
  110  12:23  Marauder  
  110  12:36  Marine  
  110  12:45  SCV, Marine  
  110  12:47  Marauder x3, Marine x2  
  100  13:19  Marauder x2, Marine  
  96  13:25  Marine x3  
  96  13:26  SCV  
  100  13:28  Medivac x2  
  100  13:29  Siege Tank  
  100  13:33  Terran Infantry Weapons Level 1  
  105  13:35  Engineering Bay  
  105  13:42  SCV x2  
  102  14:08  Marine x4  
  102  14:09  Marine x2  
  109  14:10  SCV  
  109  14:26  Supply Depot  
  109  14:30  Marine x4, Viking x2  
  117  14:31  Marine  
  117  14:37  Supply Depot  
  118  14:47  Marine x2  
  118  14:48  Marine, Supply Depot  
  112  15:02  Marine x2  
  112  15:06  Viking x2  
  110  15:09  Marine  
  63  16:03  Supply Depot  
Tags
 
Add a new tag
Caveats
  • Supply blocks, unpowered buildings, or Contaminate may cause inaccurate times.
  • Supply counts are checked every 10 seconds.